 Dungeon Crawl Stone Soup version 0.17.1-2-g5865329 (webtiles) character file.

3728 ololoev the Cleaver (level 9, -8/66 HPs)
             Began as a Demonspawn Fighter on Jan 19, 2016.
             Mangled by a komodo dragon (19 damage)
             ... on level 8 of the Dungeon.
             The game lasted 00:30:11 (4074 turns).

ololoev the Cleaver (Demonspawn Fighter)            Turns: 4074, Time: 00:30:11

Health: -8/66      AC: 13    Str: 19    XL:     9   Next: 92%
Magic:  9/9        EV:  5    Int: 11    God:
Gold:   144        SH:  9    Dex: 12    Spells: 0 memorised, 8 levels left

rFire  . . .     SeeInvis .     y - +0 war axe (vamp)
rCold  . . .     Clarity  .     o - +0 chain mail
rNeg   . . .     SustAt   .     c - +0 shield
rPois  .         Gourm    .     (no helmet)
rElec  .         Spirit   .     H - +0 cloak
rCorr  .         Warding  .     a - +0 pair of gloves
rMut   +         Stasis   .     (no boots)
MR     .....                    j - amulet of resist mutation
Stlth  ..........               (no ring)
                                x - ring of flight

@: not resistant to hostile enchantments, extremely unstealthy
A: hooves 1, powered by death 1
a: Evoke Flight


Innate Abilities, Weirdness & Mutations

You have large cloven feet.
You regenerate a little health from kills.

Inventory:

Hand Weapons
 b - a +0 blowgun
 y - a +0 vampiric war axe (weapon)
Missiles
 n - 20 poisoned needles
Armour
 a - a +0 pair of gloves (worn)
 c - a +0 shield (worn)
 o - a +0 chain mail (worn)
 H - a +0 cloak (worn)
Jewellery
 j - an amulet of resist mutation (around neck)
 x - a ring of flight (left hand)
Wands
 p - a wand of polymorph (11)
 s - a wand of enslavement (10)
 K - a wand of disintegration (13)
Scrolls
 f - 3 scrolls of identify
 i - a scroll of remove curse
 k - a scroll of fear {unknown}
 v - a scroll of silence {unknown}
 w - 3 scrolls of recharging
 I - a scroll of vulnerability {unknown}
 J - a scroll of amnesia {unknown}
Potions
 g - a potion of invisibility {unknown}
 h - a potion of curing
 m - a potion of poison {unknown}
 q - 3 potions of flight
 u - 2 potions of haste {unknown}
 z - a potion of berserk rage {unknown}
 A - a potion of mutation {unknown}
 C - 2 potions of heal wounds
 D - a potion of magic {unknown}
 E - a potion of brilliance {unknown}
 F - a potion of cancellation {unknown}
Comestibles
 d - 2 chunks of flesh
 e - 3 bread rations
 B - 10 slices of pizza
 G - 3 beef jerkies


   Skills:
 + Level 4.4 Fighting
 * Level 10.0 Axes
 - Level 4.2 Throwing
 + Level 7.2 Armour
 - Level 2.6 Shields


You had 8 spell levels left.
You didn't know any spells.


You were on level 8 of the Dungeon.
You were not hungry.

You visited 2 branches of the dungeon, and saw 11 of its levels.

You collected 320 gold pieces.
You spent 176 gold pieces at shops.

#...#.###.### #.#
#..# ....#.# #.#
####.####..#
#.>.#.###.#
#....(.....#
....#.##.#.#
#.##.#####.#
#....#>.###.##. #.#
#.# #...##.## #..
#.# #.##
.[[..#..###.### #.#
#..##
..[[..##.#.######l#
##...##
.>)######.......@.#
##....P## #.#..#
###########
#.....PP# #[#.....
.....#....PPP#
#.#.#####
#....PPPPP# #.#.#
#.....PPPP# .#..#
#....P..PP# #.###
##..PP...P# #.#
#.PPP.>.P# #.#
##..P...P#

Notes
Turn   | Place    | Note
--------------------------------------------------------------
     0 | D:1      | ololoev the Demonspawn Fighter began the quest for the Orb.
     0 | D:1      | Reached XP level 1. HP: 18/18 MP: 1/1
   163 | D:2      | Gained mutation: You regenerate a little health from kills. [demonic ancestry]
   163 | D:2      | Reached XP level 2. HP: 18/24 MP: 2/2
   265 | D:4      | Found a bloodstained altar of Trog.
   271 | D:4      | Noticed a hippogriff
   280 | D:4      | Killed a hippogriff
   280 | D:4      | Reached skill level 4 in Axes
   280 | D:4      | Gained mutation: You have large cloven feet. [demonic ancestry]
   280 | D:4      | Reached XP level 3. HP: 16/29 MP: 3/3
   280 | D:4      | Reached XP level 4. HP: 19/35 MP: 4/4
   352 | D:3      | Reached XP level 5. HP: 41/41 MP: 5/5
   362 | D:3      | Noticed Terence
   376 | D:3      | Killed Terence
   524 | D:2      | Found a faded altar to an unknown god.
   655 | D:4      | Reached skill level 1 in Throwing
   690 | D:4      | Reached XP level 6. HP: 44/47 MP: 6/6
   714 | D:5      | Entered Level 5 of the Dungeon
   758 | D:4      | Found a sparkling altar of Nemelex Xobeh.
   759 | D:4      | Found a deep blue altar of Sif Muna.
  1025 | D:4      | Reached skill level 5 in Axes
  1138 | D:6      | Noticed Grinder
  1151 | D:5      | Reached XP level 7. HP: 52/52 MP: 7/7
  1194 | D:5      | Found a shattered altar of Ashenzari.
  1256 | D:5      | Found a radiant altar of Vehumet.
  1359 | D:5      | Found a shimmering altar of Xom.
  1562 | D:7      | Reached skill level 6 in Axes
  1573 | D:7      | Found a staircase to the Ecumenical Temple.
  1583 | Temple   | Entered the Ecumenical Temple
  1618 | D:7      | Identified the Papyrus of Snow and Toxins
  1692 | D:7      | Reached skill level 5 in Armour
  1719 | D:7      | Reached XP level 8. HP: 47/58 MP: 8/8
  1737 | D:7      | Found Jetopuq's Assorted Antiques.
  1745 | D:7      | Bought a fizzy coppery potion for 23 gold pieces
  1745 | D:7      | Bought a smoky red potion for 23 gold pieces
  1745 | D:7      | Bought a metallic purple potion for 23 gold pieces
  1745 | D:7      | Bought a scroll labeled ARCHELI HERREM for 26 gold pieces
  1745 | D:7      | Bought a scroll labeled INUTUA KAORU for 26 gold pieces
  1763 | D:6      | Found Jock's Distillery.
  1857 | D:6      | Reached skill level 7 in Axes
  1947 | D:7      | Noticed Uhlv's ghost (novice MiBe)
  2009 | D:6      | Noticed a water moccasin
  2026 | D:6      | Killed a water moccasin
  2039 | D:6      | Paralysed by Grinder for 2 turns
  2075 | D:6      | Killed Grinder
  2348 | D:5      | Reached skill level 8 in Axes
  2430 | D:6      | Bought a potion of heal wounds for 55 gold pieces
  2552 | D:7      | Found a blossoming altar of Fedhas.
  2703 | D:8      | Reached XP level 9. HP: 47/63 MP: 9/9
  2747 | D:8      | Found an iron altar of Okawaru.
  2749 | D:8      | Noticed a human
  2749 | D:8      | Noticed a human
  2767 | D:8      | Killed a human
  2768 | D:8      | Killed a human
  2839 | D:8      | Reached skill level 9 in Axes
  3358 | D:7      | Noticed a human
  3376 | D:7      | Killed a human
  3378 | D:7      | Noticed a hog
  3391 | D:7      | Killed a hog
  3807 | D:9      | Reached skill level 10 in Axes
  3903 | D:9      | Got a bloodstained falchion
  3904 | D:9      | Identified the cursed +3 falchion of Qesefon {slice, -Tele +Inv rF+++ Int+3} (You found it on level 9 of the Dungeon)
  3949 | D:10     | Entered Level 10 of the Dungeon
  3957 | D:9      | Noticed JustSomeDude's ghost (journeyman NaMo)
  4025 | D:8      | Found a staircase to the Lair.
  4026 | D:8      | Noticed a komodo dragon
  4074 | D:8      | Mangled by a komodo dragon

Dungeon Overview and Level Annotations

Branches:
Dungeon (10/15)            Temple (1/1) D:7            Lair (0/8) D:8
    Orc: D:9-12

Altars:
Ashenzari
Dithmenos
Elyvilon
Fedhas
Nemelex Xobeh
Okawaru
Qazlal
Ru
Sif Muna
Trog
Vehumet
Xom
Yredelemnul
The Shining One
Lugonu

Shops:
D:6 !   D:7 *

Annotations:
D:7 Uhlv's ghost, novice MiBe
D:9 JustSomeDude's ghost, journeyman NaMo


Message History

The komodo dragon is almost dead.
The komodo dragon completely misses you.
Your chain mail prevents you from hitting the komodo dragon.
You kick the komodo dragon, but do no damage.
The komodo dragon is severely wounded.
The komodo dragon bites you!!
Your shield and chain mail prevent you from hitting the komodo dragon.
You kick the komodo dragon, but do no damage.
The komodo dragon is severely wounded.
You block the komodo dragon's attack.
You hit the komodo dragon but do no damage.
Your kick misses the komodo dragon.
The komodo dragon is severely wounded.
The komodo dragon bites you but does no damage.
The komodo dragon bites you!
You see here 20 bolts.
Drink which item? (? for menu, Esc to quit)
You feel much better.
The komodo dragon bites you but does no damage.
You hit the komodo dragon.
The komodo dragon is severely wounded.
You block the komodo dragon's attack.
Your shield and chain mail prevent you from hitting the komodo dragon.
The komodo dragon is severely wounded.
The komodo dragon bites you.
You closely miss the komodo dragon. Your kick misses the komodo dragon.
The komodo dragon is severely wounded.
The komodo dragon bites you.
You slash the komodo dragon!
You kick the komodo dragon, but do no damage.
The komodo dragon is almost dead.
You block the komodo dragon's attack.
Your shield and chain mail prevent you from hitting the komodo dragon.
You kick the komodo dragon, but do no damage.
The komodo dragon is almost dead.
The komodo dragon bites you!
You hit the komodo dragon.
The komodo dragon is almost dead.
The komodo dragon bites you!!
You die...

You could see a komodo dragon.

Vanquished Creatures
  Grinder (D:6)
  2 hungry ghosts (D:9)
  A hog (D:7)
  A hippogriff (D:4)
  3 humans
  2 sky beasts
  A water moccasin (D:6)
  An ice beast (D:8)
  A phantom (D:7)
  A wasp (D:7)
  3 ogres
  An orc warrior (D:8)
  3 centaurs
  3 giant frogs
  A killer bee (D:8)
  3 scorpions
  2 orc wizards
  2 giant frog zombies (D:7)
  4 jellies
  4 hounds
  3 orc priests
  4 crimson imps
  A gnoll shaman (D:5)
  An iguana (D:5)
  Terence (D:3)
  A centaur skeleton (D:8)
  4 worker ants
  3 sheep (D:7)
  A hound zombie (D:6)
  A worker ant zombie (D:7)
  3 adders
  11 gnolls
  2 shadow imps
  4 giant geckos
  21 orcs
  4 giant cockroaches
  4 hobgoblins
  11 jackals
  3 kobolds
  7 quokkas
  3 bats
  2 giant newts
  A goblin (D:1)
  2 rats (D:1)
138 creatures vanquished.

Vanquished Creatures (others)
  A fungus (D:7)
  A plant (D:8)
2 creatures vanquished.

Grand Total: 140 creatures vanquished

Action                   |  1- 3 |  4- 6 |  7- 9 || total
-------------------------+-------+-------+-------++-------
Melee: War axe           |    33 |    95 |   465 ||   593
 Fire: Blowgun           |       |    34 |    87 ||   121
Throw: Throwing net      |       |       |     2 ||     2
Evoke: Wand              |       |       |    11 ||    11
  Use: Potion            |     1 |       |     5 ||     6
       Scroll            |       |       |     5 ||     5
 Stab: Held in net/web   |       |       |     2 ||     2
  Eat: Chunk             |       |     1 |     4 ||     5
       Meat ration       |       |       |     3 ||     3
       Bread ration      |       |       |     2 ||     2
       Royal jelly       |       |       |     1 ||     1

Vault maps used:
D:1:      matt_arrival_refuge
D:2:      fiery_altar_vehumet, ecumenical_altar_2
D:3:      grunt_gozag_statues, lemuel_doored_altar, cheibriados_altar_1,
          grunt_ministairs_12, uniq_natasha, uniq_terence
D:4:      gammafunk_temple_overflow_statue, nicolae_overflow_crystal_walls
D:5:      marbit_many_paths, first_bread, basic_altar, vehumet_altar_wand_db
D:6:      serial_shops, nicolae_shop_stone, grunt_ministairs_6,
          kennysheep_nondescript, uniq_grinder
D:7:      kennysheep_mini, fedhas_altar_3, temple_statues, serial_shops, shop,
          grunt_livestock
D:8:      david_lair_shrubbed, okawaru_humans
D:9:      grunt_temple_overflow_order_and_chaos_1
Temple:   corrupted_temple
